 Dungeon Crawl Stone Soup version 0.31.0-12-g77e489cdc1 (webtiles) character file.

Game seed: 15136062990338948415

131838 nms23 the Devastator (level 16, -3/177 HPs)
             Began as a Demonspawn Conjurer on Feb 13, 2024.
             Was the Champion of Vehumet.
             Slain by a +2 eveningstar of electrocution (32 damage)
             ... on level 2 of the Elven Halls.
             The game lasted 01:24:48 (31198 turns).

nms23 the Devastator (Demonspawn Conjurer)         Turns: 31198, Time: 01:24:49

Health: -3/177     AC: 15    Str: 17    XL:     16   Next: 56%
Magic:  5/54       EV: 13    Int: 28    God:    Vehumet [******]
Gold:   2285       SH:  0    Dex:  7    Spells: 19/47 levels left

rFire   + . .        a - staff of Tender Mercy {+Blink rPois MP+9 Dex-5 Earth}
rCold   . . .        (no shield)
rNeg    + . .        Y - +2 robe {rN+}
rPois   +            T - +1 helmet
rElec   +            G - +0 cloak "Usmeis" {rCorr}
rCorr   +            (gloves unavailable)
SInv    .            S - +0 pair of boots {Fly}
Will    ++...        O - amulet "Gowk" {rElec rPois rF+ Regen+ Dex-2} Stlth
                     u - ring "Razum" {Will+ AC+4 Str+7 Stlth+}
HPRegen 1.29/turn    Z - ring of Lagid {MP+9 Str+3 Int+3}
MPRegen 0.34/turn

%: no passive effects
@: berserking, flying, very quick
A: slimy green scales 2, ignite blood 2, spiny 2, demonic touch 3
a: Renounce Religion, Evoke Blink


You were on level 2 of the Elven Halls.
You worshipped Vehumet.
Vehumet was exalted by your worship.
You visited 5 branches of the dungeon, and saw 22 of its levels.
You also visited: Bailey and Gauntlet.

You collected 2583 gold pieces.
You spent 298 gold pieces at shops.

Inventory:

Missiles
 N - 48 poisoned darts
 P - 6 curare-tipped darts
Armour
 G - the +0 cloak "Usmeis" (worn) {rCorr}
   (You found it on level 12 of the Dungeon)

   rCorr:     It protects you from acid and corrosion.
 S - a +0 pair of boots of flying (worn)
 T - a +1 helmet (worn)
 Y - a +2 robe of positive energy (worn)
Magical Staves
 a - the staff of Tender Mercy (weapon) {+Blink rPois MP+9 Dex-5 Earth}
   (You acquired it in a bailey)

   [staff of earth]

   Base accuracy: +5 Base damage: 5 Base attack delay: 1.2 This weapon's minimum
   attack delay (0.6) is reached at skill level 12.
   Dex-5:     It affects your dexterity (-5).
   rPois:     It protects you from poison MP+9: It affects your magic capacity
   (+9).
   +Blink:    It lets you blink.
   Earth:     It increases the power of your Earth spells.
   It falls into the 'Staves' category.
   It is a one-handed weapon.
Jewellery
 j - the ring of Iqyivext {Fly rF+ Will+ Str+3}
   (You found it in a Gauntlet)

   [ring of protection from fire]

   Str+3:     It affects your strength (+3).
   rF+:       It protects you from fire.
   Will+:     It increases your willpower.
   Fly:       It grants you flight.
 u - the ring "Razum" (left hand) {Will+ AC+4 Str+7 Stlth+}
   (You took it off a minotaur in a Gauntlet)

   [ring of protection]

   AC+4:      It affects your AC (+4).
   Str+7:     It affects your strength (+7).
   Will+:     It increases your willpower.
   Stlth+:    It makes you more stealthy.
 I - a ring of protection from cold
 O - the amulet "Gowk" (around neck) {rElec rPois rF+ Regen+ Dex-2}
   (You found it in a Gauntlet)

   [amulet of regeneration]

   Dex-2:     It affects your dexterity (-2).
   rF+:       It protects you from fire.
   rElec:     It insulates you from electricity.
   rPois:     It protects you from poison Regen+: It increases your rate of
   health regeneration.
 Z - the ring of Lagid (right hand) {MP+9 Str+3 Int+3}
   (You found it in a Gauntlet)

   [ring of magical power]

   Str+3:     It affects your strength (+3).
   Int+3:     It affects your intelligence (+3).
   MP+9:      It affects your magic capacity (+9).
Wands
 y - a wand of flame (15)
 z - a wand of acid (7)
 D - a wand of digging (5)
 M - a wand of mindburst (5)
 Q - a wand of roots (20)
 W - a wand of charming (10)
Scrolls
 c - 3 scrolls of enchant armour {unknown}
 f - 2 scrolls of torment {unknown}
 g - 6 scrolls of fear
 k - 2 scrolls of summoning {unknown}
 m - a scroll of silence {unknown}
 o - 8 scrolls of fog
 r - a scroll of acquirement
 t - 5 scrolls of teleportation
 v - 3 scrolls of immolation {unknown}
 w - 4 scrolls of brand weapon
 x - 4 scrolls of vulnerability
 A - 7 scrolls of enchant weapon
 B - 6 scrolls of blinking
 J - 5 scrolls of amnesia
 U - 5 scrolls of revelation
 V - 5 scrolls of poison
 X - 2 scrolls of noise {unknown}
Potions
 b - a potion of magic
 d - 4 potions of might
 e - 4 potions of brilliance
 h - 5 potions of haste
 l - 2 potions of heal wounds
 n - a potion of resistance
 p - 4 potions of ambrosia
 q - 8 potions of curing
 s - 6 potions of attraction
 E - 3 potions of enlightenment
 F - 4 potions of lignification {unknown}
 H - 2 potions of berserk rage
 K - a potion of cancellation
 R - 4 potions of mutation
Miscellaneous
 C - a condenser vane
 L - a phial of floods


   Skills:
 + Level 8.7 Fighting
 + Level 8.3 Dodging
 - Level 1.7 Stealth
 - Level 16.0 Spellcasting
 - Level 18.0 Conjurations
 - Level 4.0 Translocations
 + Level 11.2 Fire Magic
 - Level 4.0 Alchemy


You had 19 spell levels left.
You knew the following spells:

 Your Spells              Type           Power      Damage    Failure   Level
a - Magic Dart            Conj           100%       1d8       0%          1
b - Searing Ray           Conj           100%       2d8       0%          2
c - Fulminant Prism       Conj/Alch      35%        3d18      1%          4
d - Orb of Destruction    Conj           44%        9d12      1%          7
f - Fireball              Conj/Fire      40%        3d16      1%          5
x - Iskenderun's Mystic   Conj/Tloc      71%        2d14      1%          4
z - Iskenderun's Battles  Conj           89%        2d14      1%          5

Your spell library contained the following spells:

 Spells                   Type           Power      Damage    Failure   Level
 Bombard                  Conj/Erth      41%        9d7       2%          6
 Sting                    Conj/Alch      100%       1d9       0%          1
 Apportation              Tloc           88%        N/A       1%          1
 Static Discharge         Conj/Air       100%       3-8/arc   1%          2
 Dazzling Flash           Conj/Hex       100%       N/A       1%          3
 Volatile Blastmotes      Fire/Tloc      100%       2d18      1%          3
 Starburst                Conj/Fire      40%        6d12      1%          6
 Necrotise                Necr           88%        1d8       2%          1
 Summon Small Mammal      Summ           88%        N/A       2%          1
 Call Imp                 Summ           44%        N/A       3%          2
 Jinxbite                 Hex            44%        N/A       3%          2
 Call Canine Familiar     Summ           22%        N/A       6%          3
 Airstrike                Air            11%        2d(2-18)  6%          4
 Alistair's Intoxication  Alch           29%        N/A       12%         5
 Anguish                  Hex/Necr       11%        N/A       22%         4
 Cause Fear               Hex            11%        N/A       22%         4
 Summon Lightning Spire   Summ/Air       22%        N/A       22%         4
 Enfeeble                 Hex            11%        N/A       100%        7
 Maxwell's Capacitive Co  Air            11%        ∞         100%        8
 Dragon's Call            Summ           11%        N/A       100%        9


Dungeon Overview and Level Annotations

Branches:
Dungeon (12/15)            Temple (1/1) D:5            Lair (5/5) D:11
  Swamp (0/4) Lair:2        Snake (0/4) Lair:3        Slime (0/5) Lair:5
    Orc (2/2) D:11            Elf (2/3) Orc:2        Bailey (visited)
Gauntlet (visited)

Altars:
Ashenzari
Cheibriados
Dithmenos
Fedhas
Gozag
Hepliaklqana
Kikubaaqudgha
Makhleb
Nemelex Xobeh
Okawaru
Qazlal
Ru
Sif Muna
Trog
Uskayaw
Vehumet
Wu Jian
Xom
Yredelemnul
Jiyva
Lugonu

Shops:
D:3 [   D:6 [   D:8 =(!:   D:9 ([   Orc:2 *:?*(

Portals:
Abyss: Lair:5
Trove: D:11 (give +3 shadow dragon scales)


Innate Abilities, Weirdness & Mutations

You are mostly covered in slimy green scales. (AC +3)
Your demonic aura often causes spilled blood to erupt in flames.
You are mostly covered in sharp spines.
Your touch may irresistibly damage your foes and sap their willpower.


Message History

Vehumet accepts your kill.
The deep elf knight wields a +0 shortbow.
The deep elf knight shoots an arrow.
The arrow misses you.
You take 30 damage, and have 100/177 hp.
You barely miss the +2 eveningstar of electrocution.
Your touch misses the +2 eveningstar of electrocution.
The +2 eveningstar of electrocution is severely damaged.
The +2 eveningstar of electrocution hits you!!
You take 20 damage, and have 80/177 hp.
You barely miss the +2 eveningstar of electrocution.
Your touch misses the +2 eveningstar of electrocution.
The +2 eveningstar of electrocution is heavily damaged.
A deep elf knight comes into view. It is wielding a +0 scimitar.
The +2 eveningstar of electrocution is engulfed in blazing flames.
The +2 eveningstar of electrocution hits you!
You take 9 damage, and have 71/177 hp.
You hit the +2 eveningstar of electrocution.
Your touch misses the +2 eveningstar of electrocution.
The +2 eveningstar of electrocution is almost destroyed.
The +2 eveningstar of electrocution hits you.
The +2 flail of protection is struck by your spines.
The +2 flail of protection hits you.
You take 8 damage, and have 63/177 hp.
You miss the +2 eveningstar of electrocution.
Your touch misses the +2 eveningstar of electrocution.
The +2 eveningstar of electrocution is almost destroyed.
The +2 eveningstar of electrocution is struck by your spines.
The +2 eveningstar of electrocution hits you!!
* * * LOW HITPOINT WARNING * * *
The +2 flail of protection hits you but does no damage.
You take 29 damage, and have 34/177 hp.
You miss the +2 eveningstar of electrocution.
Your touch misses the +2 eveningstar of electrocution.
The +2 eveningstar of electrocution is almost destroyed.
The +2 flail of protection is struck by your spines.
The +2 flail of protection hits you.
* * * LOW HITPOINT WARNING * * *
The +2 eveningstar of electrocution is engulfed in blazing flames.
The +2 eveningstar of electrocution hits you!!
You die...

....... ##
......) #.#
....... #..#
#......#...#
#....#)..#
#..#)..#
#).)#
.##.)(##
.#..#e(@##
.#....#e.°##
#......#...#
........#*.#
.........#.#
..........##
..........#
.......)..##
.........#.#


You could see 2 deep elf knights, 2 dancing weapons and a friendly battlesphere.

Vanquished Creatures
  Jorgrun (Elf:1)
  A deep elf blademaster (Elf:2)
  An orc warlord (Bailey)
  Nessos (Lair:4)
  A deep elf demonologist (Elf:2)
  The ghost of PaleRider the Carver, a journeyman DrSh of Hepliaklqana (Lair:5)
  The ghost of 7tar4e the Spry, a journeyman FeBe of Trog (Lair:4)
  A minotaur (Gauntlet)
  Snorg (Lair:4)
  A fire dragon (Lair:5)
  2 deep elf high priests
  An ice dragon (Lair:5)
  3 catoblepae
  2 ogre magi (Orc:2)
  3 boulder beetles
  A centaur warrior (D:8)
  6 hydras
  12 two-headed ogres
  A death knight (D:12)
  12 death yaks
  23 dancing weapons
  3 thrashing horrors (Lair:5)
  8 deep elf knights
  Nergalle (Lair:1)
  2 orc high priests
  An iron troll (Orc:2)
  2 skysharks
  A spectral death yak (Lair:4)
  A deep troll (Orc:2)
  A goliath frog (Lair:2)
  A death drake (Gauntlet)
  2 spectral hydras (Lair:4)
  2 lindwurms (Lair:5)
  2 deep elf archers (Elf:2)
  A spectral wolf spider (Gauntlet)
  2 orc knights
  3 ugly things
  14 deep elf zephyrmancers
  13 deep elf pyromancers
  2 orc sorcerers
  5 cyclopes
  2 manticores (D:12)
  A salamander (Lair:3)
  A spectral centaur (Gauntlet)
  15 elephants
  A kobold blastminer (Orc:2)
  3 black mambas
  2 large abominations (Lair:5)
  Maggie (D:10)
  3 torpor snails
  A kobold demonologist (D:12)
  3 smoke demons (Lair:5)
  12 cane toads
  3 unseen horrors (D:12)
  6 rime drakes
  A freezing wraith (D:12)
  A minotaur zombie (Gauntlet)
  10 komodo dragons
  Psyche (D:11)
  12 trolls
  A polar bear (Lair:4)
  3 hornets
  A raiju (shapeshifter) (Lair:5)
  21 blink frogs
  9 dream sheep
  2 raiju (Lair:5)
  A spectral meliai (Gauntlet)
  11 slime creatures
  A vampire (D:12)
  2 air elementals (Elf:2)
  A water elemental (Elf:2)
  2 spriggans (Lair:5)
  A ynoxinul (Lair:5)
  8 wyverns
  A wraith (D:12)
  23 yaks
  14 basilisks
  4 vampire mosquitoes (D:12)
  8 wargs
  2 death yak simulacra (Lair:5)
  A spectral komodo dragon (Lair:4)
  5 steam dragons
  A chaos spawn (Lair:5)
  Duvessa (D:7)
  2 acid dragons
  10 water moccasins
  4 hydra simulacra (Lair:5)
  A hornet zombie (D:8)
  2 ice beasts
  A boulder beetle simulacrum (Lair:4)
  25 orc warriors
  A swamp drake (D:11)
  2 black bears
  3 sky beasts
  8 wolves
  A black mamba simulacrum (Lair:4)
  11 small abominations (Lair:5)
  2 centaurs
  23 ogres
  7 kobold brigands
  10 bullfrogs
  3 gnoll sergeants
  2 scorpions
  An earth elemental (Elf:2)
  A cane toad simulacrum (Lair:5)
  5 wights (D:8)
  Dowan (D:7)
  4 killer bees (D:9)
  An electric eel (Lair:1)
  A howler monkey (D:8)
  4 lava snakes (Lair:3)
  3 hounds
  4 jellies
  15 orc priests
  A gnoll bouda (D:8)
  4 sleepcaps
  Natasha (thrice) (D:3)
  2 iguanas
  16 orc wizards
  A killer bee zombie (D:8)
  18 gnolls
  13 adders
  2 white imps (D:7)
  2 ufetubi (D:7)
  3 dart slugs
  2 ribbon worms (D:2)
  70 orcs
  5 endoplasms
  2 giant cockroaches
  18 goblins
  11 hobgoblins
  3 quokkas
  12 ball pythons
  7 bats
  2 frilled lizards (D:2)
  45 kobolds
  2 rats (D:1)
  A butterfly (D:5)
749 creatures vanquished.

Vanquished Creatures (others)
  45 fulminant prisms
45 creatures vanquished.

Grand Total: 794 creatures vanquished

Notes
Turn   | Place    | Note
-------+----------+-------------------------------------------
     0 | D:1      | nms23 the Demonspawn Conjurer began the quest for the Orb.
     0 | D:1      | Reached XP level 1. HP: 13/13 MP: 3/3
   440 | D:1      | Gained mutation: You are partially covered in sharp spines.
                  | [demonic ancestry]
   440 | D:1      | Reached XP level 2. HP: 19/19 MP: 3/5
   933 | D:1      | Learned a level 2 spell: Searing Ray
  1202 | D:2      | You fall into a shaft and drop 2 floors!
  1356 | D:2      | Reached XP level 3. HP: 24/24 MP: 1/7
  1698 | D:2      | Reached XP level 4. HP: 30/30 MP: 2/8
  1703 | D:2      | Learned a level 4 spell: Iskenderun's Mystic Blast
  2110 | D:2      | Reached skill level 5 in Conjurations
  2604 | D:2      | Reached skill level 1 in Translocations
  2997 | D:3      | Gained mutation: You are partially covered in slimy green
                  | scales. (AC +2) [demonic ancestry]
  2997 | D:3      | Reached XP level 5. HP: 35/35 MP: 5/10
  3214 | D:3      | Found an opulent altar of Gozag.
  3214 | D:3      | Found a shimmering blue altar of Sif Muna.
  3222 | D:3      | Found a faded altar of an unknown god.
  3224 | D:3      | Found a faded altar of an unknown god.
  3299 | D:3      | Found Rurr's Antique Armour Shoppe.
  3603 | D:3      | Noticed Natasha
  3610 | D:3      | Killed Natasha
  3817 | D:3      | Noticed Natasha
  3821 | D:3      | Killed Natasha
  4035 | D:3      | Found Rurr's Antique Armour Shoppe.
  4162 | D:3      | Found an opulent altar of Gozag.
  4162 | D:3      | Found a shimmering blue altar of Sif Muna.
  4168 | D:3      | Found a faded altar of an unknown god.
  4169 | D:3      | Noticed Natasha
  4174 | D:3      | Killed Natasha
  4175 | D:3      | Reached XP level 6. HP: 41/41 MP: 6/12
  4210 | D:3      | Found a faded altar of an unknown god.
  5615 | D:4      | Reached skill level 6 in Conjurations
  5615 | D:4      | Gained mutation: Your touch may inflict minor irresistible
                  | damage on your foes. [demonic ancestry]
  5615 | D:4      | Reached XP level 7. HP: 46/46 MP: 7/13
  6061 | D:5      | Entered Level 5 of the Dungeon
  6182 | D:4      | Reached skill level 5 in Spellcasting
  6414 | D:5      | Found a blossoming altar of Fedhas.
  6919 | D:5      | Found a sparkling altar of Nemelex Xobeh.
  7134 | D:5      | Found a staircase to the Ecumenical Temple.
  7141 | Temple   | Entered the Ecumenical Temple
  7155 | Temple   | Became a worshipper of Vehumet
  7187 | D:5      | Reached skill level 1 in Fighting
  7187 | D:5      | Reached XP level 8. HP: 42/54 MP: 4/16
  7375 | D:6      | Reached skill level 7 in Conjurations
  7431 | D:6      | Learned a level 4 spell: Fulminant Prism
  7890 | D:6      | Found Zyponucy's Antique Armour Shop.
  8180 | D:6      | Bought a glowing helmet for 240 gold pieces
  8398 | D:7      | Noticed Duvessa
  8398 | D:7      | Noticed Dowan
  8558 | D:7      | Reached * piety under Vehumet
  8558 | D:7      | Offered knowledge of Foxfire by Vehumet.
  8562 | D:7      | Found a flagged portal.
  8571 | Bailey   | Entered a bailey
  8776 | Bailey   | Noticed an orc warlord
  8975 | Bailey   | Found a runed translucent gate.
  8978 | Bailey   | Found a runed translucent gate.
  8980 | Bailey   | Found a runed translucent gate.
  9000 | Bailey   | Reached skill level 1 in Alchemy
  9174 | Bailey   | Reached skill level 8 in Conjurations
  9174 | Bailey   | Gained mutation: You are mostly covered in slimy green
                  | scales. (AC +3) [demonic ancestry]
  9174 | Bailey   | Reached XP level 9. HP: 50/63 MP: 7/18
  9373 | Bailey   | Killed an orc warlord
  9498 | Bailey   | Identified the amulet "Vaiqud" {Faith rN+ Str+4 Int-4}
  9500 | Bailey   | Acquired the staff of Tender Mercy {+Blink rPois MP+9 Dex-5
                  | Earth}
  9790 | D:7      | Reached ** piety under Vehumet
  9792 | D:7      | Offered knowledge of Scorch by Vehumet.
  9882 | D:7      | Reached skill level 9 in Conjurations
  9973 | D:7      | Killed Dowan
  9980 | D:7      | Killed Duvessa
 10493 | D:7      | Gained mutation: Your demonic aura sometimes causes spilled
                  | blood to erupt in flames. [demonic ancestry]
 10493 | D:7      | Reached XP level 10. HP: 70/70 MP: 22/22
 10982 | D:8      | Found Teysuok's Book Shop.
 11037 | D:8      | Noticed a two-headed ogre
 11048 | D:8      | Killed a two-headed ogre
 11049 | D:8      | Reached skill level 10 in Conjurations
 11066 | D:8      | Found Zuczuov's Distillery.
 11071 | D:8      | Bought a potion of degeneration for 13 gold pieces
 11082 | D:8      | Offered knowledge of Mephitic Cloud by Vehumet.
 11240 | D:8      | Noticed a centaur warrior
 11250 | D:8      | Killed a centaur warrior
 11259 | D:8      | Reached *** piety under Vehumet
 11267 | D:8      | Reached skill level 11 in Conjurations
 11630 | D:8      | Found a burning altar of Makhleb.
 11807 | D:8      | Found a basalt altar of Yredelemnul.
 11888 | D:8      | Found Keub Tah's Antique Weapon Shoppe.
 11894 | D:8      | Found Zykhoma's Jewellery Emporium.
 12030 | D:9      | Offered knowledge of Olgreb's Toxic Radiance by Vehumet.
 12112 | D:9      | Reached skill level 10 in Spellcasting
 12343 | D:9      | Found Goafoc's Antique Weapon Boutique.
 12430 | D:9      | Found Faips's Antique Armour Emporium.
 12477 | D:9      | Gained mutation: Your demonic aura often causes spilled
                  | blood to erupt in flames. [demonic ancestry]
 12477 | D:9      | Reached XP level 11. HP: 75/75 MP: 25/25
 12818 | D:10     | Entered Level 10 of the Dungeon
 12912 | D:10     | Noticed a two-headed ogre
 12923 | D:10     | Killed a two-headed ogre
 12998 | D:10     | Reached **** piety under Vehumet
 13150 | D:10     | Noticed Maggie
 13161 | D:10     | Killed Maggie
 13245 | D:10     | Reached skill level 12 in Conjurations
 13304 | D:10     | Found an ornate altar of the Wu Jian Council.
 13747 | D:11     | Noticed a two-headed ogre
 13757 | D:11     | Killed a two-headed ogre
 13939 | D:11     | Offered knowledge of Freezing Cloud by Vehumet.
 13989 | D:11     | Found a portal to a secret trove of treasure.
 14293 | D:11     | Found a staircase to the Lair.
 14583 | D:11     | Noticed a boulder beetle
 14601 | D:11     | Killed a boulder beetle
 14602 | D:11     | Reached skill level 5 in Fighting
 14795 | D:11     | Noticed Psyche
 14803 | D:11     | Killed Psyche
 15094 | D:11     | Found a staircase to the Orcish Mines.
 15333 | Lair:1   | Entered Level 1 of the Lair of Beasts
 15334 | Lair:1   | Saving game... please wait.
 15421 | Lair:1   | Noticed a catoblepas
 15431 | Lair:1   | Killed a catoblepas
 15658 | Lair:1   | Noticed a death yak
 15658 | Lair:1   | Noticed a five-headed hydra
 15674 | Lair:1   | Killed a death yak
 15675 | Lair:1   | Killed a five-headed hydra
 15676 | Lair:1   | Reached skill level 13 in Conjurations
 15676 | Lair:1   | Gained mutation: Your touch may inflict irresistible damage
                  | on your foes. [demonic ancestry]
 15676 | Lair:1   | Reached XP level 12. HP: 31/88 MP: 15/27
 15957 | Lair:1   | Noticed an eight-headed hydra
 15967 | Lair:1   | Killed an eight-headed hydra
 16327 | Lair:1   | Noticed a boulder beetle
 16349 | Lair:1   | Killed a boulder beetle
 16539 | Lair:1   | Reached ***** piety under Vehumet
 16707 | Lair:1   | Noticed Nergalle
 16744 | Lair:1   | Killed Nergalle
 16993 | Lair:1   | Noticed a catoblepas
 17015 | Lair:1   | Killed a catoblepas
 17015 | Lair:1   | Offered knowledge of Iskenderun's Battlesphere by Vehumet.
 17016 | Lair:1   | Reached skill level 14 in Conjurations
 17022 | Lair:1   | Learned a level 5 spell: Iskenderun's Battlesphere
 17420 | Lair:2   | You fall into a shaft and drop 2 floors!
 17562 | Lair:4   | Identified the +8 sling of Pride {flame, Fly Int+4 Dex+2}
 17615 | Lair:4   | Noticed a death yak
 17622 | Lair:4   | Noticed Nessos
 17637 | Lair:4   | Killed Nessos
 17820 | Lair:4   | Noticed a death yak
 17838 | Lair:4   | Noticed a death yak
 17851 | Lair:4   | Noticed a death yak
 17902 | Lair:4   | Killed a death yak
 17904 | Lair:4   | Killed a death yak
 18061 | Lair:3   | Reached XP level 13. HP: 93/93 MP: 30/30
 18202 | Lair:3   | Found a staircase to the Snake Pit.
 18285 | Lair:3   | Reached skill level 15 in Conjurations
 18532 | Lair:2   | Identified the +9 falchion "Icuntoph" {flame, Str+3}
 18791 | Lair:2   | Found a staircase to the Swamp.
 19611 | Lair:3   | Reached skill level 5 in Dodging
 20599 | Lair:4   | Noticed Snorg
 20609 | Lair:4   | Killed Snorg
 20943 | Lair:4   | Found a runed translucent gate.
 20943 | Lair:4   | Found a runed translucent gate.
 20943 | Lair:4   | Found a runed translucent gate.
 20948 | Lair:4   | Noticed 7tar4e's ghost (journeyman FeBe)
 21346 | Lair:5   | Entered Level 5 of the Lair of Beasts
 21354 | Lair:5   | Reached skill level 16 in Conjurations
 21408 | Lair:5   | Gained mutation: Your touch may irresistibly damage your
                  | foes and sap their willpower. [demonic ancestry]
 21408 | Lair:5   | Reached XP level 14. HP: 92/100 MP: 32/32
 21506 | Lair:5   | Noticed PaleRider's ghost (journeyman DrSh)
 21688 | Lair:5   | Found a runed translucent gate.
 21688 | Lair:5   | Found a runed translucent gate.
 21688 | Lair:5   | Found a runed translucent gate.
 21993 | Lair:5   | Found a staircase to the Slime Pits.
 21993 | Lair:5   | Found a viscous altar of Jiyva.
 22248 | Lair:5   | Reached skill level 15 in Spellcasting
 22747 | Lair:5   | Offered knowledge of Orb of Destruction by Vehumet.
 22757 | Lair:5   | Learned a level 7 spell: Orb of Destruction
 22911 | Lair:5   | Reached skill level 17 in Conjurations
 23864 | Lair:5   | Found a corrupted altar of Lugonu.
 23864 | Lair:5   | Found a one-way gate to the infinite horrors of the Abyss.
 23879 | Lair:5   | Learned a level 5 spell: Fireball
 24147 | Lair:5   | Reached skill level 1 in Fire Magic
 24152 | Lair:5   | Killed PaleRider's ghost
 24324 | Lair:5   | Got the ring "Buyr" {Fire Str+2}
 24626 | Lair:5   | Got the Directory of Accompaniment
 24664 | Lair:4   | Killed 7tar4e's ghost
 25251 | D:12     | Found a gate leading to a gauntlet.
 25258 | Gauntlet | Entered a Gauntlet
 25258 | Gauntlet | Found a transporter.
 25265 | Gauntlet | Found a runed translucent door.
 25267 | Gauntlet | Found a transporter.
 25269 | Gauntlet | Found a runed translucent door.
 25283 | Gauntlet | Found a transporter.
 25287 | Gauntlet | Found a transporter.
 25308 | Gauntlet | Found a transporter.
 25321 | Gauntlet | Found a transporter.
 25335 | Gauntlet | Found a transporter.
 25365 | Gauntlet | Found a transporter.
 25365 | Gauntlet | Found a transporter.
 25372 | Gauntlet | Found a transporter.
 25403 | Gauntlet | Found a transporter.
 25403 | Gauntlet | Found a transporter.
 25466 | Gauntlet | Identified the ring of Iqyivext {Fly rF+ Will+ Str+3}
 25468 | Gauntlet | Identified the amulet "Gowk" {rElec rPois rF+ Regen+ Dex-2}
 25515 | Gauntlet | Gained mutation: You are mostly covered in sharp spines.
                  | [demonic ancestry]
 25515 | Gauntlet | Reached XP level 15. HP: 58/105 MP: 25/35
 25808 | Gauntlet | Identified the ring "Razum" {Will+ AC+4 Str+7 Stlth+}
 25875 | Gauntlet | Identified the ring of Lagid {MP+9 Str+3 Int+3}
 25973 | D:12     | Identified the +0 cloak "Usmeis" {rCorr}
 26610 | D:11     | Reached skill level 18 in Conjurations
 26884 | D:12     | Reached skill level 5 in Fire Magic
 27122 | Orc:1    | Entered Level 1 of the Orcish Mines
 27125 | Orc:1    | Reached ****** piety under Vehumet
 27298 | Orc:2    | Entered Level 2 of the Orcish Mines
 27300 | Orc:2    | Offered knowledge of Eringya's Noxious Bog by Vehumet.
 27483 | Orc:2    | Found a staircase to the Elven Halls.
 27592 | Orc:2    | Found Xeis's Antique Weapon Emporium.
 28031 | Orc:2    | Found Ymet's Magic Scroll Boutique.
 28060 | Orc:2    | Found Jiweyd Nugh's General Store.
 28089 | Orc:2    | Found Sukufayto's General Store.
 28092 | Orc:2    | Bought a scroll of teleportation for 45 gold pieces
 28099 | Orc:2    | Found Subes's Book Shop.
 28781 | Elf:1    | Entered Level 1 of the Elven Halls
 28781 | Elf:1    | Noticed Jorgrun
 28786 | Elf:1    | Killed Jorgrun
 29841 | Elf:1    | Offered knowledge of Arcjolt by Vehumet.
 29932 | Elf:2    | Reached skill level 10 in Fire Magic
 30065 | Elf:2    | Paralysed by an air elemental for 1 turns
 30095 | Elf:2    | Reached XP level 16. HP: 113/113 MP: 36/36
 30798 | Elf:2    | Found a runed translucent gate.
 30798 | Elf:2    | Found a runed translucent gate.
 30804 | Elf:2    | Found a runed translucent gate.
 31172 | Elf:2    | Noticed a deep elf blademaster
 31177 | Elf:2    | Killed a deep elf blademaster
 31184 | Elf:2    | Offered knowledge of Bombard by Vehumet.
 31198 | Elf:2    | Slain by a +2 eveningstar of electrocution

Illustrated notes

Levels and vault maps discovered:
D:1:      lemuel_arrival_broad_hall, layout_basic
D:2:      layout_basic, minmay_snake_closets
D:3:      layout_basic, chequers_temple_overflow_minitemple, serial_shops,
          nicolae_shop_behind_doors, uniq_natasha
D:4:      layout_loops_corners, wad_rectangle_vault
D:5:      nicolae_cairo_tiling, layout_cave_pools,
          mainiacjoe_overflow_surrounded_room, mainiacjoe_overflow_24_doors,
          minmay_temple_entry_butterflies, minmay_misc_feat_five
D:6:      layout_basic, minmay_misc_feat_ornament, nicolae_stop_n_shop_2,
          item_on_display_a
D:7:      layout_cave_pods, enter_bailey_5, kennysheep_nub, grunt_ministairs_2,
          uniq_duvessa
D:8:      layout_rooms, general_overflow_altar, lemuel_zombie_altar_yredelemnul,
          serial_shops, shop, shop_fountains, nicolae_shop_trees,
          nicolae_take_the_stairs, minmay_chambers_of_fives
D:9:      layout_cave_pools, tso_altar, serial_shops,
          nicolae_shop_competitors_out_of_business, shop
D:10:     layout_rooms, pdpol_wu_jian_five_deadly_venoms,
          chequers_serial_rivers_micro_a, kennysheep_generic_room_3, uniq_maggie
D:11:     layout_cave_pods, david_lair_shrubbed, erik_orc_1,
          nicolae_trove_entry_crystal, uniq_psyche
D:12:     minmay_slanted_spiral_squares, layout_basic, gauntlet_entry_generic
Temple:   compressed_dpeg_triangle_lava_temple
Lair:1:   layout_cave_pods, chequers_serial_rivers_large_a,
          nicolae_quartered_pool_super, minmay_shattered_shrine, uniq_nergalle
Lair:2:   layout_loops_ring, mainiacjoe_swamp_entry_lozenge_pond,
          grunt_megastairs_3, serial_bayou_shore_b, serial_bayou_shore_b
Lair:3:   layout_misc_corridors, nicolae_snake_entry_warm_welcome
Lair:4:   layout_concentric_octagons, gammafunk_ghost_necromancy, uniq_nessos,
          uniq_snorg
Lair:5:   hellmonk_lair_end_abyssal_woods, layout_hall_layers,
          minmay_slime_entry_pillars, gammafunk_ghost_icy,
          chequers_serial_rivers_micro_a, bobbens_dragon_lair_wall
Orc:1:    layout_diamond_mine, basic_altar
Orc:2:    st_orc_open, layout_diamond_mine, serial_shops, shop, abandoned_shop
Elf:1:    layout_onion_city, kennysheep_underground_church, uniq_jorgrun
Elf:2:    nicolae_elf_blades_splatter_lattice [mumra_blade_entry_dagger],
          layout_loops_cross, dk_noncrumbling_2

Skill      XL: |  1  2  3  4  5  6  7  8  9 10 11 12 13 14 15 16 |
---------------+-------------------------------------------------+-----
Spellcasting   | 3 4 5 6 8 10 11 13 14 16 | 16.0
Conjurations   | 5 6 8 9 11 13 14 16 17 18 | 18.0
Translocations | 1 2 3 4 |  4.0
Fighting       | 1 3 6 8 |  8.7
Dodging        | 2 3 6 8 |  8.3
Alchemy        | 2 4 |  4.0
Fire Magic     | 3 10 11 | 11.2
Stealth        | |  1.7

Action                     |  1- 3 |  4- 6 |  7- 9 | 10-12 | 13-15 | 16-18 || total
---------------------------+-------+-------+-------+-------+-------+-------++-------
  Melee: Unarmed           |    22 |       |       |       |       |       ||    22
         Dagger            |     2 |     9 |     5 |       |       |       ||    16
         Touch             |       |       |     3 |     3 |     5 |       ||    11
         Punch             |       |       |     1 |       |       |       ||     1
         Staff             |       |       |     7 |    15 |    13 |     8 ||    43
  Throw: Dart              |       |       |     2 |       |     1 |       ||     3
   Cast: Magic Dart        |    64 |    92 |   188 |   250 |   420 |    77 ||  1091
         Searing Ray       |       |    11 |    50 |   116 |   139 |    10 ||   326
         Iskenderun's Myst |       |     1 |     3 |    47 |   116 |    18 ||   185
         Fulminant Prism   |       |       |     3 |    14 |    28 |       ||    45
         Iskenderun's Batt |       |       |       |     1 |    52 |    15 ||    68
         Fireball          |       |       |       |       |    37 |    11 ||    48
  Evoke: Wand              |       |       |     3 |     1 |       |       ||     4
    Use: Scroll            |       |       |     1 |       |    17 |     3 ||    21
         Potion            |       |       |       |     1 |     2 |     1 ||     4
   Stab: Distracted        |       |       |       |     1 |       |       ||     1
 Armour: Robe              |    12 |    30 |    51 |    17 |    66 |    36 ||   212
         Skin              |       |       |       |    46 |       |       ||    46
         Steam dragon scal |       |       |       |    74 |    91 |       ||   165
  Dodge: Dodged            |    19 |    12 |    56 |   159 |   167 |    10 ||   423
